 Dungeon Crawl Stone Soup version 0.32-a0-913-g739538afd8 (webtiles) character file.

Game seed: 12241481853213002391

716 Sabo the Ducker (level 7, 0/65 HPs)
             Began as a Troll Artificer on Apr 7, 2024.
             Was an Initiate of Gozag.
             Slain by a gnoll
             ... wielding a +0 spear
              (2 damage)
             ... on level 5 of the Dungeon on Apr 9, 2024.
             The game lasted 00:32:45 (4729 turns).

Sabo the Ducker (Troll Artificer)                   Turns: 4729, Time: 00:32:46

Health: 0/65       AC:  9    Str: 23    XL:     7   Next: 41%
Magic:  6/6        EV:  9    Int: 13    God:    Gozag
Gold:   136        SH:  0    Dex: 10    Spells: 4/6 levels left

rFire   . . .        z - +4 quarterstaff (flame)
rCold   . . .        (shield currently unavailable)
rNeg    . . .        p - +0 robe
rPois   .            (helmet restricted)
rElec   .            A - +2 cloak
rCorr   .            (gloves unavailable)
SInv    .            (boots unavailable)
Will    .....        (no amulet)
Stlth   +            w - +6 ring of intelligence
HPRegen 1.10/turn    (no ring)
MPRegen 0.10/turn

%: no passive effects
@: lethally poisoned (0 -> 0), gold aura
A: large, unfitting armour, claws 3, regeneration 1, shaggy fur 1, tough skin 1,
iridescent scales 1, inability to read after injury 1
a: Renounce Religion, Potion Petition, Call Merchant, Bribe Branch


You were on level 5 of the Dungeon.
You worshipped Gozag.
Gozag was aware of your devotion.
You visited 2 branches of the dungeon, and saw 6 of its levels.

You collected 333 gold pieces.
You spent 104 gold pieces at shops.
You paid 93 gold pieces to Gozag.

Inventory:

Hand Weapons
 k - a +0 sling
 m - a +0 war axe
 z - a +4 quarterstaff of flaming (weapon)
Missiles
 b - 5 poisoned darts
 l - 7 boomerangs (quivered)
 r - 3 javelins
Armour
 p - a +0 robe (worn)
 A - a +2 cloak (worn)
Jewellery
 u - a ring of fire
 w - a +6 ring of intelligence (left claw)
Wands
 c - a wand of flame (13)
 d - a wand of charming (15)
 e - a wand of iceblast (1)
 h - a wand of mindburst (36)
Scrolls
 o - 2 scrolls of fear {unknown}
 q - a scroll of amnesia {unknown}
 t - a scroll of teleportation {unknown}
 v - a scroll of immolation {unknown}
 x - a scroll of butterflies {unknown}
 y - a scroll of revelation {unknown}
Potions
 a - a potion of brilliance
 f - 3 potions of mutation
 g - 2 potions of resistance
 i - a potion of ambrosia
 j - a potion of lignification
 n - 2 potions of curing {unknown}
 s - 2 potions of berserk rage {unknown}


   Skills:
 + Level 2.2 Fighting
 + Level 0.8 Long Blades
 + Level 0.3(2.0) Maces & Flails
 + Level 2.0(2.8) Polearms
 + Level 2.9(3.3) Staves
 + Level 1.7 Throwing
 + Level 4.1 Dodging
 + Level 1.1 Stealth
 + Level 2.7 Evocations


You had 4 spell levels left.
You knew the following spells:

 Your Spells              Type           Power      Damage    Failure   Level
a - Blink                 Tloc           0%         N/A       43%         2

Your spell library contained the following spells:

 Spells                   Type           Power      Damage    Failure   Level
 Ensorcelled Hibernation  Hex/Ice        0%         N/A       43%         2
 Lesser Beckoning         Tloc           0%         N/A       43%         2
 Momentum Strike          Conj/Tloc      0%         3d8       43%         2
 Fugue of the Fallen      Necr           0%         N/A       67%         3
 Passwall                 Erth           0%         N/A       67%         3
 Swiftness                Air            0%         N/A       67%         3
 Anguish                  Hex/Necr       0%         N/A       97%         4
 Haunt                    Necr/Summ      0%         N/A       100%        7
 Borgnjor's Revivificati  Necr           0%         N/A       100%        8
 Death's Door             Necr           0%         N/A       100%        9


Dungeon Overview and Level Annotations

Branches:
Dungeon (5/15)             Temple (1/1) D:5

Altars:
Ashenzari
Cheibriados
Elyvilon
Fedhas
Gozag
Hepliaklqana
Makhleb
Nemelex Xobeh
Okawaru
Qazlal
Ru
Trog
Uskayaw
Vehumet
Wu Jian
Xom
Yredelemnul
Zin
The Shining One

Shops:
D:2 ?   D:5 =


Innate Abilities, Weirdness & Mutations

You are too large for most types of armour.
You have claws for hands.
Your natural rate of healing is unusually fast.
You are covered in fur. (AC +1)
You have tough skin. (AC +1)
You are partially covered in iridescent scales. (AC +2)
You occasionally lose the ability to read scrolls when taking damage.


Message History

The water moccasin poisons you! The gnoll closely misses you.
The white imp barely misses you. The gnoll hits you with a +0 club.
* * * LOW HITPOINT WARNING * * *
The water moccasin bites you but does no damage.
You miss the water moccasin.
The water moccasin is almost dead.
You feel less invigorated.
You feel less confused.
You feel very sick.
The water moccasin completely misses you.
The white imp misses you. The gnoll closely misses you.
The gnoll hits you but does no damage.
You barely miss the water moccasin.
The water moccasin is almost dead.
You feel very sick.
The water moccasin bites you but does no damage.
The white imp gestures at you. The puff of frost misses you.
The gnoll hits you but does no damage. The gnoll hits you with a +0 club.
* * * LOW HITPOINT WARNING * * *
The water moccasin bites you.
* * * LOW HITPOINT WARNING * * *
You sock the water moccasin! You burn the water moccasin.
You kill the water moccasin!
You feel sick.
The gnoll hits you from afar with a +0 spear.
* * * LOW HITPOINT WARNING * * *
The white imp barely misses you. The gnoll closely misses you.
Your Dodging skill increases to level 4!
You barely miss the gnoll.
The gnoll is almost dead.
You feel sick. The gnoll hits you but does no damage.
The white imp hits you but does no damage.
The gnoll hits you but does no damage.
You completely miss the gnoll.
The gnoll is almost dead.
You feel sick.
The gnoll hits you from afar with a +0 spear.
You die...
Your body crumbles into a pile of gold.

........# #.........#..
........#.#.......>....
........#.##......###..
........#.........# #..
........#...##....# #..
........?#...##....###..
...###?g$#...######.)...
......g$5.....#####...).
#......@............))..
........................
.......##...............
....... #............##.
....... #...........## .
....... ############# .
.###### . .


You could see 2 gnolls and a white imp.

Vanquished Creatures
  A water moccasin (D:5)
  A phantom (D:5)
  Blork the orc (D:4)
  A jelly (D:3)
  3 hounds
  Crazy Yiuf (D:3)
  An orc priest (D:4)
  Jessica (D:2)
  A gnoll bouda (D:5)
  Ijyb (D:3)
  An iguana (D:4)
  An orc wizard (D:4)
  6 adders
  4 gnolls (D:5)
  2 shadow imps (D:4)
  2 dart slugs
  3 ribbon worms
  6 orcs
  5 ball pythons
  4 endoplasms (D:1)
  2 giant cockroaches
  3 hobgoblins
  A quokka (D:4)
  4 bats
  5 frilled lizards
  5 goblins
  5 kobolds
  4 rats
75 creatures vanquished.

Notes
Turn   | Place    | Note
-------+----------+-------------------------------------------
     0 | D:1      | Sabo the Troll Artificer began the quest for the Orb.
     0 | D:1      | Reached XP level 1. HP: 18/18 MP: 0/0
   147 | D:1      | Reached skill level 2 in Dodging
   327 | D:1      | Reached XP level 2. HP: 19/26 MP: 1/1
   470 | D:1      | You fall into a shaft and drop 1 floor!
   805 | D:2      | Reached XP level 3. HP: 32/32 MP: 2/2
  1520 | D:2      | Found Niopsoam's Magic Scroll Shoppe.
  1541 | D:2      | Bought a scroll of identify for 26 gold pieces
  1541 | D:2      | Bought a scroll of identify for 26 gold pieces
  1541 | D:2      | Bought a scroll of identify for 26 gold pieces
  1541 | D:2      | Bought a scroll of identify for 26 gold pieces
  1892 | D:2      | Reached skill level 1 in Fighting
  1927 | D:2      | Noticed Jessica
  1935 | D:2      | Killed Jessica
  1936 | D:2      | Reached skill level 3 in Dodging
  1936 | D:2      | Reached XP level 4. HP: 36/41 MP: 3/3
  2401 | D:3      | Noticed Ijyb
  2409 | D:3      | Killed Ijyb
  2410 | D:3      | Reached skill level 1 in Polearms
  2499 | D:3      | Reached XP level 5. HP: 40/48 MP: 4/4
  2984 | D:3      | Learned a level 2 spell: Blink
  3276 | D:3      | Found a runed translucent door.
  3277 | D:3      | Noticed Crazy Yiuf
  3291 | D:3      | HP: 2/46 [Crazy Yiuf/+4 quarterstaff of chaos (9)]
  3293 | D:3      | Killed Crazy Yiuf
  3467 | D:4      | Reached skill level 1 in Stealth
  3514 | D:4      | Found a transporter.
  3522 | D:4      | Found a transporter.
  3802 | D:4      | Reached XP level 6. HP: 55/55 MP: 5/5
  3894 | D:4      | Noticed Blork the orc
  3901 | D:4      | Killed Blork the orc
  3902 | D:4      | Reached skill level 1 in Staves
  4495 | D:5      | Entered Level 5 of the Dungeon
  4504 | D:5      | Reached skill level 1 in Throwing
  4510 | D:5      | Gained mutation: Armour fits poorly on your strangely
                  | shaped body. [potion of mutation]
  4510 | D:5      | Gained mutation: You possess an exceptional clarity of
                  | mind. [potion of mutation]
  4511 | D:5      | Lost mutation: You possess an exceptional clarity of mind.
                  | [potion of mutation]
  4511 | D:5      | Lost mutation: Armour fits poorly on your strangely shaped
                  | body. [potion of mutation]
  4511 | D:5      | Gained mutation: You occasionally lose the ability to read
                  | scrolls when taking damage. [potion of mutation]
  4511 | D:5      | Gained mutation: You are partially covered in iridescent
                  | scales. (AC +2) [potion of mutation]
  4529 | D:5      | Found a staircase to the Ecumenical Temple.
  4543 | D:5      | Reached XP level 7. HP: 65/65 MP: 6/6
  4552 | D:5      | Found Zeco's Jewellery Boutique.
  4589 | Temple   | Entered the Ecumenical Temple
  4625 | Temple   | Became a worshipper of Gozag Ym Sagoz the Greedy
  4728 | D:5      | Reached skill level 4 in Dodging
  4728 | D:5      | HP: 3/65 [poisoned by a water moccasin]
  4729 | D:5      | Slain by a gnoll

Illustrated notes

Levels and vault maps discovered:
D:1:      amcnicky_arrival_blooded_trapdoor, layout_basic
D:2:      layout_loops_corners, serial_shops, shop, st_stairs_12, uniq_jessica
D:3:      layout_basic, uniq_ijyb, uniq_crazy_yiuf_cottage
D:4:      gammafunk_wand_slinger, layout_rooms, uniq_blork_the_orc
D:5:      layout_basic, mainiacjoe_overflow_cross_hatched,
          minmay_temple_entry_overgrown, serial_shops, shop_statue
Temple:   compressed_dpeg_triangle_lava_temple

Skill      XL: |  1  2  3  4  5  6  7 |
---------------+----------------------+-----
Dodging        | 2 3 4 |  4.1
Fighting       | 1 2 |  2.2
Polearms       | 1 2 |  2.0
Stealth        | 1 |  1.1
Staves         | 2 |  2.9
Throwing       | 1 |  1.7
Long Blades    | |  0.8
Maces & Flails | |  0.3
Evocations     | |  2.7

Action                     |  1- 3 |  4- 6 |  7- 9 || total
---------------------------+-------+-------+-------++-------
  Melee: Club              |    83 |       |       ||    83
         Spear             |    64 |    18 |       ||    82
         Falchion          |       |    60 |       ||    60
         Quarterstaff      |       |    52 |    28 ||    80
  Throw: Javelin           |     3 |     6 |       ||     9
         Boomerang         |       |    20 |       ||    20
  Evoke: Wand              |       |     6 |       ||     6
    Use: Scroll            |     6 |     1 |       ||     7
         Potion            |       |     2 |     1 ||     3
   Stab: Distracted        |       |       |     1 ||     1
 Armour: Robe              |   124 |   121 |    69 ||   314
  Dodge: Dodged            |    67 |    69 |    44 ||   180

Table legend: (Time is in decaauts)
 A = Elapsed time spent in this place.
 B = Non-inter-level travel time spent in this place.
 C = Inter-level travel time spent in this place.
 D = Time resting spent in this place.
 E = Time spent auto-exploring this place.
 F = Levels seen in this place.
 G = Mean time per level.
                   A        B        C        D        E       F      G
               +--------+--------+--------+--------+--------+-----+--------+
         Total |   4801 |   4801 |      0 |    565 |      0 |   6 |  800.2 |
       Dungeon |   4750 |   4750 |      0 |    565 |      0 |   5 |  950.0 |
        Temple |     50 |     50 |      0 |      0 |      0 |   1 |   50.0 |
               +--------+--------+--------+--------+--------+-----+--------+

Top non-repeatable levels by time:
     D:2: 1245 daAuts
     D:3: 1195 daAuts
     D:4: 1087 daAuts
     D:1: 1033 daAuts
     D:5: 189 daAuts
  Temple: 50 daAuts
